 Dungeon Crawl Stone Soup version 0.27.0-1-g7a089689b8 (webtiles) character file.

Game seed: 2783733592619241177

9 Brandom the Magician (level 2, 0/12 HPs)
             Began as a Vine Stalker Hedge Wizard on Aug 1, 2021.
             Was a Follower of Hepliaklqana.
             Slain by a jackal (1 damage)
             ... on level 1 of the Dungeon.
             The game lasted 00:02:44 (651 turns).

Brandom the Magician (Vine Stalker Hedge Wizard)     Turns: 651, Time: 00:02:44

Health: 0/12       AC:  2    Str: 12    XL:     2   Next: 16%
Magic:  0/7        EV: 12    Int: 14    God:    Hepliaklqana [*.....]
Gold:   0          SH:  0    Dex: 13    Spells: 6/7 levels left

rFire    . . .     SeeInvis .   d - +0 short sword
rCold    . . .     Faith    .   (no shield)
rNeg     . . .     Spirit   +   b - +0 robe
rPois    .         Reflect  .   c - +0 hat
rElec    .         Harm     .   (no cloak)
rCorr    .         Rampage  .   (no gloves)
Will     .....                  (no boots)
Stlth    ++........             (no amulet)
HPRegen  0.04/turn              (no ring)
MPRegen  0.10/turn              (no ring)

@: no status effects
A: reduced essence, fangs 2, magic shield, antimagic bite, no potion heal 2
a: Renounce Religion, Recall Ancestor, Ancestor Identity


You were on level 1 of the Dungeon.
You worshipped Hepliaklqana.
Hepliaklqana was aware of your devotion.
You visited 1 branch of the dungeon, and saw 1 of its levels.

Inventory:

Hand Weapons
 a - a +0 dagger
 d - a +0 short sword (weapon)
   (You found it on level 1 of the Dungeon)
Armour
 b - a +0 robe (worn)
 c - a +0 hat (worn)
Potions
 e - a potion of berserk rage {unknown}


   Skills:
 + Level 0.5 Fighting
 + Level 0.5 Short Blades
 + Level 1.7 Dodging
 + Level 2.7 Stealth
 - Level 3.2 Spellcasting
 - Level 1.0 Conjurations
 - Level 1.0 Summonings
 - Level 1.0 Translocations


You had 6 spell levels left.
You knew the following spells:

 Your Spells              Type           Power      Damage    Failure   Level
a - Magic Dart            Conj           20%        1d4       14%         1

Your spell library contained the following spells:

 Spells                   Type           Power      Damage    Failure   Level
 Blink                    Tloc           N/A        N/A       22%         2
 Call Imp                 Summ           5%         N/A       22%         2
 Slow                     Hex            2%         N/A       32%         2
 Conjure Flame            Conj/Fire      3%         6-21      45%         3
 Mephitic Cloud           Conj/Pois/Air  3%         N/A       50%         3


Dungeon Overview and Level Annotations

Branches:
Dungeon (1/15)

Altars:
Hepliaklqana

Shops:
D:1 [


Innate Abilities, Weirdness & Mutations

Your life essence is reduced to manifest your ancestor. (-10% HP)
You have extremely sharp teeth.
When hurt, damage is shared between your health and your magic reserves.
Your bite disrupts and absorbs the magic of your enemies.
Potions cannot restore your health.


Message History

You miss the jackal.
The jackal closely misses Marzanna.
Marzanna hits the jackal.
The jackal bites you. x2
You hit the jackal. The jackal completely misses you.
Marzanna hits the jackal.
The jackal dies!
The jackal barely misses you. The jackal bites you.
Marzanna misses the jackal.
You closely miss the jackal. The jackal bites you. The jackal misses you.
The jackal closely misses you. The jackal bites you.
* * * LOW HITPOINT WARNING * * *
The jackal bites you but does no damage.
Marzanna hits the jackal.
The jackal barely misses Marzanna.
The jackal bites you but does no damage.
Marzanna barely misses the jackal.
Aim: a jackal (100% to hit)
The magic dart hits the jackal.
The jackal misses you.
The jackal bites Marzanna.
The jackal closely misses you.
Marzanna closely misses the jackal.
The jackal bites you but does no damage.
The jackal barely misses Marzanna.
Marzanna closely misses the jackal.
The jackal barely misses you.
Aim: a jackal (heavily wounded, 100% to hit)
The magic dart hits the jackal.
The jackal bites you.
* * * LOW HITPOINT WARNING * * *
The jackal barely misses you.
Marzanna closely misses the jackal.
You don't have enough magic to cast this spell.
Unknown command.
The jackal bites you but does no damage.
The jackal closely misses you.
Marzanna closely misses the jackal.
The jackal bites you.
* * * LOW HITPOINT WARNING * * *
The jackal closely misses you.
The jackal bites you but does no damage.
The jackal bites you but does no damage.
You hit the jackal. Your bite misses the jackal.
Marzanna barely misses the jackal.
The jackal closely misses you.
The jackal bites you but does no damage.
The jackal misses you. The jackal barely misses you.
You closely miss the jackal. The jackal bites you.
* * * LOW HITPOINT WARNING * * *
The jackal bites you but does no damage.
The jackal barely misses you. The jackal bites you. The jackal misses you.
The jackal bites you.
* * * LOW HITPOINT WARNING * * *
The jackal bites you but does no damage.
The jackal barely misses you. The jackal barely misses you.
You closely miss the jackal. The jackal barely misses you.
The jackal bites you.
You die...

#.#..........# #.##.#..#...
#####............#####...........
.........................>.......
#####.....#......########.#......
######......##.##.#######........
.....∩...........................
####............R.#######.##.....
#.#....#.###.### #...##.....
#.#.......##.@h# ###.##...#.
.###......##.####h# #.).....#
...........#.####h# #####....
##...........#..).# ###..
#.###...###.....R# ##.
#.#G#...#G#......# #.
#.###...###......#### #.
#...........#.##.#..### ##
#....._.....#....#....### #


You could see the friendly Marzanna the ancestor and 3 jackals.

Vanquished Creatures
  3 goblins (D:1)
  2 hobgoblins (D:1)
  2 frilled lizards (D:1)
7 creatures vanquished.

Vanquished Creatures (collateral kills)
  A jackal (D:1)
1 creature vanquished.

Grand Total: 8 creatures vanquished

Notes
Turn   | Place    | Note
-------+----------+-------------------------------------------
     0 | D:1      | Brandom the Vine Stalker Hedge Wizard began the quest for
                  | the Orb.
     0 | D:1      | Reached XP level 1. HP: 9/9 MP: 5/5
   484 | D:1      | Noticed a shining eye
   487 | D:1      | Found Ziduq's Armour Shoppe.
   488 | D:1      | Noticed a great orb of eyes
   490 | D:1      | Found a faded altar of an unknown god.
   492 | D:1      | Noticed a shining eye
   492 | D:1      | Noticed a golden eye
   497 | D:1      | Became a worshipper of Hepliaklqana the Forgotten
   497 | D:1      | Reached * piety under Hepliaklqana
   528 | D:1      | Reached XP level 2. HP: 12/12 MP: 7/7
   651 | D:1      | Slain by a jackal

Illustrated notes

Levels and vault maps discovered:
D:1:      lemuel_arrival_funnel, layout_basic,
          hellmonk_ecumenical_altar_watching_god, serial_shops, shop,
          minmay_heptomino_w4

Action                   || total
-------------------------++-------
Melee: Short sword       ||    31
       Bite              ||     3
 Cast: Magic Dart        ||     3
 Stab: Sleeping          ||     1
Armor: Robe              ||    13
Dodge: Dodged            ||    30
